 Dungeon Crawl Stone Soup version 0.29.1-1-gd02db6906a (webtiles) character file.

Game seed: 4000629185783339223

18 MisterFreud the Trooper (level 2, -1/25 HPs)
             Began as a Hill Orc Wanderer on Sept 17, 2022.
             Slain by a hobgoblin (2 damage)
             ... on level 1 of the Dungeon.
             The game lasted 00:01:36 (2121 turns).

MisterFreud the Trooper (Hill Orc Wanderer)         Turns: 2121, Time: 00:01:37

Health: -1/25      AC:  2    Str: 14    XL:     2   Next: 70%
Magic:  4/4        EV: 11    Int: 14    God:
Gold:   38         SH:  0    Dex:  8    Spells: 3/4 levels left

rFire   . . .      SeeInvis .   h - +0 short sword
rCold   . . .      Faith    .   (no shield)
rNeg    . . .      Spirit   .   e - +0 robe
rPois   .          Reflect  .   (no helmet)
rElec   .          Harm     .   (no cloak)
rCorr   .          Rampage  .   (no gloves)
Will    .....                   (no boots)
Stlth   +.........              (no amulet)
HPRegen 0.08/turn               (no ring)
MPRegen 0.09/turn               (no ring)

@: no status effects
A: no striking features
a: no special abilities


You were on level 1 of the Dungeon.
You visited 1 branch of the dungeon, and saw 1 of its levels.

You collected 38 gold pieces.

Inventory:

Hand Weapons
 a - a +0 dagger
 h - a +0 short sword (weapon)
Missiles
 b - 12 poisoned darts (quivered)
Armour
 e - a +0 robe (worn)
Scrolls
 c - a scroll of teleportation
 g - 2 scrolls of fog {unknown}
 i - a scroll of immolation {unknown}
 j - a scroll of vulnerability {unknown}
Potions
 d - a potion of haste
 f - a potion of berserk rage {unknown}


   Skills:
 + Level 2.8 Fighting
 - Level 2.6 Throwing
 - Level 1.0 Dodging
 - Level 1.0 Stealth
 - Level 1.5 Spellcasting
 - Level 2.0 Hexes
 - Level 1.2 Invocations


You had 3 spell levels left.
You knew the following spells:

 Your Spells              Type           Power      Damage    Failure   Level
a - Slow                  Hex            24%        N/A       11%         1

Your spell library contained the following spells:

 Spells                   Type           Power      Damage    Failure   Level
 Portal Projectile        Hex/Tloc       6%         N/A       45%         3
 Anguish                  Hex/Necr       1%         N/A       86%         4


Dungeon Overview and Level Annotations

Branches:
Dungeon (1/15)

Altars:


Message History

You barely miss the hobgoblin.
The hobgoblin is moderately wounded.
The hobgoblin hits you.
You hit the hobgoblin but do no damage.
The hobgoblin is moderately wounded.
The hobgoblin hits you. The hobgoblin closely misses you.
You are too injured to fight recklessly!
A hobgoblin is nearby!
You are too injured to fight recklessly!
You barely miss the hobgoblin.
The hobgoblin is moderately wounded.
The hobgoblin misses you.
You hit the hobgoblin.
The hobgoblin is severely wounded.
The hobgoblin hits you.
You hit the hobgoblin.
The hobgoblin is almost dead.
The hobgoblin hits you but does no damage.
You barely miss the hobgoblin.
The hobgoblin is severely wounded.
The hobgoblin hits you.
* * * LOW HITPOINT WARNING * * *
You hit the hobgoblin but do no damage.
The hobgoblin is severely wounded.
The hobgoblin hits you.
* * * LOW HITPOINT WARNING * * *
You barely miss the hobgoblin.
The hobgoblin is severely wounded.
The hobgoblin barely misses you.
You closely miss the hobgoblin.
The hobgoblin is severely wounded.
The hobgoblin closely misses you.
You hit the hobgoblin.
The hobgoblin is severely wounded.
The hobgoblin hits you.
* * * LOW HITPOINT WARNING * * *
You closely miss the hobgoblin.
The hobgoblin is severely wounded.
The hobgoblin hits you.
You die...

####.....###### #####.##.#######
##.# ................ ...#
...###'###...... ...# .'##
#...##+....♣...# ##.#####.#
.......## ##.#.....# #......#
...#.###### #..g...# .##
##.#......### #@....# ..##
##.######.#.. ##'....########....
##........#.###.#....# ≈≈≈≈≈≈~..#
######.####.#...##.### #≈≈≈≈≈~.~
#...##'####.#.####.# #≈≈≈≈≈~~
..#.'...'.....####.### #≈~≈≈≈.
#####.<.#######..'...# ##~~~~.
....'...+.#.....##.### #.~~~~.
#.####'##...######.########.~~~≈.


You could see a hobgoblin.

Vanquished Creatures
  A dart slug (D:1)
  3 ball pythons (D:1)
  An endoplasm (D:1)
  A giant cockroach (D:1)
  2 goblins (D:1)
  A quokka (D:1)
  3 bats (D:1)
  3 kobolds (D:1)
  2 rats (D:1)
17 creatures vanquished.

Notes
Turn   | Place    | Note
-------+----------+-------------------------------------------
     0 | D:1      | MisterFreud the Hill Orc Wanderer began the quest for the
                  | Orb.
     0 | D:1      | MisterFreud set off with the following items: a +0 dagger,
                  | 12 poisoned darts, a scroll of teleportation, a potion of
                  | haste, a +0 robe; and the following spell memorised: Slow;
                  | and the following spells available to memorise: Portal
                  | Projectile, Anguish.
     0 | D:1      | Reached XP level 1. HP: 14/14 MP: 3/3
   193 | D:1      | Reached skill level 1 in Fighting
   975 | D:1      | Reached XP level 2. HP: 21/24 MP: 4/4
  2120 | D:1      | HP: 1/25 [hobgoblin (4)]
  2121 | D:1      | Slain by a hobgoblin

Illustrated notes

Levels and vault maps discovered:
D:1:      nicolae_arrival_somewhat_less_tricky_arrival, layout_loops_corners,
          serial_rivers, chequers_serial_rivers_marsh,
          chequers_serial_rivers_large_a, chequers_serial_rivers_small_3,
          chequers_serial_rivers_room_a, chequers_serial_rivers_room_a,
          chequers_serial_rivers_micro_b, nrook_campfire

Skill      XL: |  1  2 |
---------------+-------+-----
Fighting       | 1 2 |  2.8
Throwing       | |  2.6
Dodging        | |  1.0
Stealth        | |  1.0
Spellcasting   | |  1.5
Hexes          | |  2.0
Invocations    | |  1.2

Action                   || total
-------------------------++-------
Melee: Dagger            ||   106
       Short sword       ||    18
Armor: Robe              ||    33
Dodge: Dodged            ||    88
